 Dungeon Crawl Stone Soup version 0.27.0-1-g7a089689b8 (webtiles) character file.

Game seed: 3122991706278937902

1781 freelancePsychic the Magician (level 9, -2/67 HPs)
             Began as a Djinni Fire Elementalist on July 31, 2021.
             Shot with an arrow by a centaur (7 damage)
             ... on level 6 of the Dungeon.
             The game lasted 00:08:54 (6847 turns).

freelancePsychic the Magician (DjFE)                Turns: 6847, Time: 00:08:55

Health: -2/67      AC:  2    Str: 13    XL:     9   Next: 29%
Gold:   274        EV: 12    Int: 20    God:
                   SH:  0    Dex: 14

rFire    + + .     SeeInvis .   B - +2 double sword (flame)
rCold    x . .     Faith    .   (no shield)
rNeg     . . .     Spirit   .   a - +0 robe
rPois    ∞         Reflect  .   (no helmet)
rElec    .         Harm     .   (no cloak)
rCorr    .         Rampage  .   (no gloves)
Will     .....                  (boots unavailable)
Stlth    ++........             (no amulet)
HPRegen  0.21/turn              g - +6 ring of strength
MPRegen  0.00/turn              (no ring)

@: flying
A: sickness immunity, fire resistance 2, cold vulnerability 1, float, innate
caster, hp casting, extra vitality 1
a: no special abilities


You were on level 6 of the Dungeon.
You visited 1 branch of the dungeon, and saw 6 of its levels.
You also visited: Sewer.

You collected 274 gold pieces.

Inventory:

Hand Weapons
 c - a +0 short sword
 j - a +2 whip of electrocution
 B - a +2 double sword of flaming (weapon)
Armour
 a - a +0 robe (worn)
 p - a +1 tower shield of fire resistance
Magical Staves
 C - a staff of earth
 E - a staff of air
Jewellery
 g - a +6 ring of strength (left hand)
 l - a ring of ice
Wands
 o - a wand of iceblast (8)
 F - a wand of flame (19)
Scrolls
 d - a scroll of brand weapon {unknown}
 e - 2 scrolls of noise {unknown}
 k - 5 scrolls of identify {unknown}
 n - a scroll of torment {unknown}
 r - 5 scrolls of teleportation {unknown}
 w - a scroll of fear {unknown}
 x - a scroll of magic mapping {unknown}
 y - 2 scrolls of enchant armour {unknown}
 z - a scroll of enchant weapon {unknown}
Potions
 b - a potion of heal wounds {unknown}
 f - 2 potions of lignification {unknown}
 h - 2 potions of berserk rage {unknown}
 i - 2 potions of resistance {unknown}
 m - a potion of curing {unknown}
 q - a potion of cancellation {unknown}
 s - a potion of brilliance {unknown}
 t - a potion of magic {unknown}
 u - 4 potions of haste {unknown}
 v - 2 potions of might {unknown}
 A - a potion of mutation {unknown}
 D - a potion of attraction {unknown}


   Skills:
 + Level 6.3 Fighting
 - Level 2.1 Dodging
 - Level 1.5 Stealth
 * Level 7.6 Spellcasting


You couldn't memorise any spells.
You knew the following spells:

 Your Spells              Type           Power      Damage    Failure   Level
a - Foxfire               Conj/Fire      100%       2x1d9     1%          1
b - Searing Ray           Conj           76%        3d6       1%          2
c - Inner Flame           Hex/Fire       38%        N/A       1%          3
d - Sticky Flame          Conj/Fire      38%        2d6       3%          4
e - Fireball              Conj/Fire      19%        3d9       11%         5
f - Animate Skeleton      Necr           76%        N/A       1%          1
g - Ensorcelled Hibernat  Hex/Ice        76%        N/A       1%          2
h - Conjure Flame         Conj/Fire      38%        6-21      1%          3
i - Call Canine Familiar  Summ           38%        N/A       1%          3
Your spell library was empty.

Dungeon Overview and Level Annotations

Branches:
Dungeon (6/15)              Sewer (visited)
 Temple: D:4-7

Altars:


Innate Abilities, Weirdness & Mutations

You are immune to sickness and miasma.
You are immune to poison.
Your flesh is very heat resistant. (rF++)
You are vulnerable to cold. (rC-)
You float through the air rather than walking.
You learn spells naturally, not from books.
Your magical power is your life essence.
You have superior vitality. (+4 HP)


Message History

A centaur comes into view.
The ice beast is engulfed in blazing flames.
The ice beast explodes!
A jelly comes into view.
Your foxfire dissipates!
The centaur wields a +0 shortbow.
The centaur shoots an arrow.
The arrow closely misses you.
Casting: Foxfire (safe; 1% risk of failure)
Confirm with . or Enter, or press ? or * to list all spells.
Aiming: Inner Flame (safe; 1% risk of failure)
Press: ? - help, Shift-Dir - straight line, f - jelly
Aim: a jelly (chance to affect: 93%)
The jelly is filled with an inner flame.
The jelly closely misses you.
You riposte.
You slash the jelly! You burn the jelly.
The jelly explodes!
The fiery explosion engulfs you! You resist.
An iguana comes into view.
The iguana hisses angrily.
You hear a shout! x5
Casting: Inner Flame (safe; 1% risk of failure)
Confirm with . or Enter, or press ? or * to list all spells.
You conjure some foxfire!
The foxfire hits the centaur.
The centaur is moderately wounded.
The foxfire hits the centaur but does no damage.
The centaur is moderately wounded.
The centaur shoots an arrow.
The arrow hits you.
The centaur wields a +0 shortbow.
The centaur shoots an arrow.
The arrow hits you!
Casting: Foxfire (safe; 1% risk of failure)
Confirm with . or Enter, or press ? or * to list all spells.
Aiming: Inner Flame (safe; 1% risk of failure)
Press: ? - help, Shift-Dir - straight line, f - centaur
Aim: a centaur, wielding a +0 shortbow and quivering arrows (moderately wounded, chance to affect: 89%)
The centaur is filled with an inner flame.
The centaur shoots an arrow.
The arrow hits you!
* * * LOW HITPOINT WARNING * * *
An orc wizard comes into view. It is wielding a +0 dagger.
The centaur shoots an arrow.
The arrow hits you!
You die...

J... .... #......... ...
cc...#### #......).. ...
.....##.# #(........
..#§..#.##.# #......... .#
#... ......# #.........
...###..# #.#..####.......##
........# #....##.........##
#.......# ##.......#.......##
?.#.....###.@...###..........
#....c§§§..#...##.######...
#####.c§§§§.......# ....
###.#........... ..
#....##l...... ...
#...####....... ....#.#
##o..... ....... ......
........ ..$...


You could see 2 centaurs, an iguana and an orc wizard (wandering).

Vanquished Creatures
  A troll (D:6)
  A water moccasin (D:5)
  3 black bears
  An ice beast (D:6)
  2 ogres (D:4)
  A phantom (D:6)
  2 bullfrogs (Sewer)
  A scorpion (D:5)
  A water moccasin skeleton (D:5)
  2 jellies
  A centaur skeleton (D:5)
  An orc priest (D:4)
  A bullfrog skeleton (D:5)
  2 iguanas (D:4)
  A scorpion zombie (D:5)
  Terence (D:3)
  An orc wizard (D:5)
  Ijyb (D:3)
  2 hound skeletons
  4 river rats (Sewer)
  11 adders
  A shadow imp (D:4)
  2 adder skeletons (D:4)
  3 worms
  A dart slug (D:2)
  14 orcs
  4 endoplasms
  3 giant cockroaches (D:1)
  5 goblins
  7 hobgoblins
  8 jackals
  9 kobolds
  4 quokkas
  20 ball pythons
  5 bats
  4 frilled lizards
  25 rats
  A spectral goblin (D:1)
157 creatures vanquished.

Vanquished Creatures (others)
  569 foxfires
569 creatures vanquished.

Grand Total: 726 creatures vanquished

Notes
Turn   | Place    | Note
-------+----------+-------------------------------------------
     0 | D:1      | freelancePsychic the Djinni Fire Elementalist began the
                  | quest for the Orb.
     0 | D:1      | Reached XP level 1. HP: 15/15 MP: 0/0
   273 | D:1      | Reached XP level 2. HP: 19/22 MP: 0/0
   691 | D:1      | Found a faded altar of an unknown god.
   878 | D:1      | Reached skill level 1 in Fighting
  1444 | D:1      | Reached XP level 3. HP: 26/27 MP: 0/0
  1444 | D:1      | Learned a level 1 spell: Animate Skeleton
  1564 | D:2      | Reached skill level 3 in Spellcasting
  2235 | D:2      | Reached XP level 4. HP: 29/32 MP: 0/0
  3345 | D:3      | Noticed Ijyb
  3351 | D:3      | Killed Ijyb
  3352 | D:3      | Reached XP level 5. HP: 31/38 MP: 0/0
  3352 | D:3      | Learned a level 2 spell: Ensorcelled Hibernation
  3598 | D:3      | Noticed Terence
  3616 | D:3      | Killed Terence
  4053 | D:4      | Noticed a phantom
  4121 | D:4      | Reached skill level 4 in Spellcasting
  4274 | D:4      | Noticed an ogre
  4279 | D:4      | Killed an ogre
  4280 | D:4      | Reached XP level 6. HP: 42/46 MP: 0/0
  4323 | D:4      | Found a glowing drain.
  4337 | Sewer    | Entered a sewer
  5005 | Sewer    | Reached skill level 5 in Spellcasting
  5005 | Sewer    | Reached XP level 7. HP: 48/51 MP: 0/0
  5005 | Sewer    | Learned a level 2 spell: Searing Ray
  5748 | D:4      | Reached XP level 8. HP: 33/58 MP: 0/0
  6032 | D:5      | Entered Level 5 of the Dungeon
  6093 | D:5      | Reached skill level 6 in Spellcasting
  6191 | D:5      | Reached skill level 5 in Fighting
  6721 | D:6      | Noticed a troll
  6728 | D:6      | Killed a troll
  6729 | D:6      | Reached skill level 7 in Spellcasting
  6729 | D:6      | Reached XP level 9. HP: 55/66 MP: 0/0
  6729 | D:6      | Learned a level 3 spell: Call Canine Familiar
  6847 | D:6      | Shot with an arrow by a centaur

Illustrated notes

Levels and vault maps discovered:
D:1:      scummos_arrival_simple_fountains, layout_loops_ring,
          dreamdust_ecumenical_altar_drowned_temple
D:2:      layout_basic, kennysheep_pointless_box
D:3:      layout_rooms, due_unseen_surprise, uniq_ijyb, uniq_terence
D:4:      minmay_clustersquares, layout_basic, cheibrodos_sewer_entry_bend,
          chequers_serial_rivers_large_a
D:5:      layout_rooms
D:6:      layout_rooms

Skill      XL: |  1  2  3  4  5  6  7  8 |
---------------+-------------------------+-----
Fighting       | 1 2 3 4 6 |  6.3
Spellcasting   | 3 4 5 7 |  7.6
Dodging        | |  2.1
Stealth        | |  1.5

Action                   |  1- 3 |  4- 6 |  7- 9 || total
-------------------------+-------+-------+-------++-------
Melee: Short sword       |    65 |       |       ||    65
       Unarmed           |     2 |       |       ||     2
       Whip              |       |     9 |     4 ||    13
 Cast: Foxfire           |    61 |   161 |   104 ||   326
       Inner Flame       |       |     2 |    17 ||    19
       Searing Ray       |       |       |     4 ||     4
 Stab: Sleeping          |     2 |     2 |     1 ||     5
Armor: Robe              |    25 |     3 |     1 ||    29
Dodge: Dodged            |    59 |    12 |     8 ||    79
       Rpst.: Double sword |       |       |     1 ||     1
